 Dungeon Crawl Stone Soup version 0.31-a0-271-gb88eb75e06 (webtiles) character file.

Game seed: 17050694792632632303

2 Shard1697 the Magician (level 1, 0/14 HPs)
             Began as a Draconian Hedge Wizard on July 15, 2023.
             Slain by a kobold
             ... wielding a +1 dagger of venom
              (1 damage)
             ... on level 1 of the Dungeon.
             The game lasted 00:00:24 (151 turns).

Shard1697 the Magician (Draconian Hedge Wizard)      Turns: 151, Time: 00:00:24

Health: 0/14       AC:  4    Str: 12    XL:     1   Next: 25%
Magic:  3/4        EV: 12    Int: 14    God:
Gold:   17         SH:  0    Dex: 10    Spells: 5/6 levels left

rFire   . . .        e - +0 club
rCold   . . .        (no shield)
rNeg    . . .        (body armour unavailable)
rPois   .            b - +0 hat
rElec   .            (no cloak)
rCorr   .            (no gloves)
SInv    .            (no boots)
Will    .....        (no amulet)
Stlth   ++           (no ring)
HPRegen 0.22/turn    (no ring)
MPRegen 0.09/turn

%: no passive effects
@: mighty, lethally poisoned (0 -> -11), very slightly contaminated
A: AC +4, unfitting armour, cold-blooded
a: no special abilities


You were on level 1 of the Dungeon.
You visited 1 branch of the dungeon, and saw 1 of its levels.

You collected 17 gold pieces.

Inventory:

Hand Weapons
 a - a +0 dagger
 e - a +0 club (weapon)
Armour
 b - a +0 hat (worn)
Scrolls
 f - a scroll of revelation {unknown}
Potions
 c - a potion of magic


   Skills:
 - Level 1.7 Dodging
 - Level 1.7 Stealth
 - Level 3.0 Spellcasting
 - Level 1.0 Conjurations
 + Level 1.3 Summonings
 - Level 1.0 Translocations


You had 5 spell levels left.
You knew the following spells:

 Your Spells              Type           Power      Damage    Failure   Level
a - Magic Dart            Conj           16%        1d3       14%         1

Your spell library contained the following spells:

 Spells                   Type           Power      Damage    Failure   Level
 Call Imp                 Summ           10%        N/A       19%         2
 Slow                     Hex            8%         N/A       22%         1
 Blink                    Tloc           8%         N/A       22%         2
 Cigotuvi's Dreadful Rot  Necr/Pois/Air  4%         N/A       32%         2
 Mephitic Cloud           Conj/Pois/Air  3%         N/A       50%         3


Dungeon Overview and Level Annotations

Branches:
Dungeon (1/15)

Altars:


Innate Abilities, Weirdness & Mutations

Your plain brown scales are hard. (AC +4)
You cannot fit into any form of body armour.
You are cold-blooded and may be slowed by cold attacks.


Message History

You are too injured to fight recklessly!
You are too injured to fight recklessly!
You feel sick.
You feel sick.
You feel sick.
The frilled lizard attacks as you move away!
The frilled lizard bites you but does no damage.
You feel sick.
The frilled lizard attacks as you move away!
The frilled lizard bites you but does no damage.
You feel sick.
You are no longer poisoned.
You closely miss the frilled lizard.
Your tail-slap misses the frilled lizard.
The frilled lizard unfolds its giant frill.
The frilled lizard barely misses you.
The frilled lizard attacks as you move away!
The frilled lizard barely misses you.
You miss the frilled lizard. The frilled lizard barely misses you.
You hit the frilled lizard.
You kill the frilled lizard!
The kobold hits you but does no damage.
You are lethally poisoned!
Casting: Magic Dart (safe; 14% risk of failure)
Confirm with . or Enter, or press ? or * to list all spells.
Aiming: Magic Dart (safe; 14% risk of failure)
Press: ? - help, Shift-Dir - straight line, f - kobold
Aim: a kobold, wielding a +1 dagger of venom (100% to hit)
You miscast Magic Dart.
You are very lightly contaminated with residual magic.
Nothing appears to happen.
* * * LOW HITPOINT WARNING * * *
You feel sick. The kobold hits you but does no damage.
You are more poisoned.
It was a potion of might.
You feel very mighty all of a sudden.
* * * LOW HITPOINT WARNING * * *
You feel very sick.
The kobold hits you with a +1 dagger of venom.
You die...

#.# #.[# ..# ########.#
##..##....
#........######8..8#?#.#
#.#####.....##..>!.....#
#.# #.###.##........ #.#
#...#.###8..8# ###.#
###.#...##..# #...#
#.#####..####. #.#####
#.@Kr..........
#.#...###
###############
#.#.....# #.###.#.#
#.....#.# #######..##.#
............#
.############ .........
..#


You could see a quokka and a kobold.

Vanquished Creatures
  A goblin (D:1)
  A frilled lizard (D:1)
2 creatures vanquished.

Notes
Turn   | Place    | Note
-------+----------+-------------------------------------------
     0 | D:1      | Shard1697 the Draconian Hedge Wizard began the quest for
                  | the Orb.
     0 | D:1      | Reached XP level 1. HP: 14/14 MP: 4/4
   151 | D:1      | Slain by a kobold

Illustrated notes

Levels and vault maps discovered:
D:1:      dpeg_arrival_refuge, layout_basic, st_stairs_6,
          minmay_worlds_worst_comb

Action                     || total
---------------------------++-------
  Melee: Club              ||     5
   Cast: Magic Dart        ||     3
    Use: Potion            ||     1
 Armour: Skin              ||     6
  Dodge: Dodged            ||     8

Table legend: (Time is in decaauts)
 A = Elapsed time spent in this place.
 B = Non-inter-level travel time spent in this place.
 C = Inter-level travel time spent in this place.
 D = Time resting spent in this place.
 E = Time spent auto-exploring this place.
 F = Levels seen in this place.
 G = Mean time per level.
                   A        B        C        D        E       F      G
               +--------+--------+--------+--------+--------+-----+--------+
         Total |    152 |    152 |      0 |      0 |    119 |   1 |  152.0 |
       Dungeon |    152 |    152 |      0 |      0 |    119 |   1 |  152.0 |
               +--------+--------+--------+--------+--------+-----+--------+

Top non-repeatable levels by time:
     D:1: 152 daAuts
